 Dungeon Crawl Stone Soup version 0.29.1-1-gd02db6906a (webtiles) character file.

Game seed: 1556436138723953507

187 tizbic2 the Gusty (level 5, 46/46 HPs)
             Began as a Troll Air Elementalist on Oct 1, 2022.
             Was a Follower of Yredelemnul.
             Quit the game on level 3 of the Dungeon on Oct 2, 2022.
             The game lasted 00:08:07 (1811 turns).

tizbic2 the Gusty (Troll Air Elementalist)          Turns: 1811, Time: 00:08:08

Health: 46/46      AC:  6    Str: 16    XL:     5   Next: 39%
Magic:  7/7        EV:  9    Int: 13    God:    Yredelemnul [*.....]
Gold:   85         SH:  0    Dex: 10    Spells: 7/8 levels left

rFire   . . .      SeeInvis .   k - +3 short sword
rCold   . . .      Faith    .   (no shield)
rNeg    . . .      Spirit   .   f - +2 robe
rPois   .          Reflect  .   (helmet restricted)
rElec   .          Harm     .   (no cloak)
rCorr   .          Rampage  .   (gloves unavailable)
Will    +....                   (boots unavailable)
Stlth   +.........              (no amulet)
HPRegen 0.95/turn               h - ring of willpower
MPRegen 0.10/turn               j - ring of flight

@: flying
A: large, unfitting armour, claws 3, regeneration 1, shaggy fur 1, tough skin 1
a: Renounce Religion, Recall Undead Harvest


You were on level 3 of the Dungeon.
You worshipped Yredelemnul.
Yredelemnul was noncommittal.
You visited 1 branch of the dungeon, and saw 3 of its levels.

You collected 85 gold pieces.

Inventory:

Hand Weapons
 k - a +3 short sword (weapon)
Missiles
 c - 2 throwing nets
Armour
 f - a +2 robe (worn)
Jewellery
 h - a ring of willpower (left claw)
 i - a ring of ice
 j - a ring of flight (right claw)
 o - a ring of ice
Scrolls
 e - a scroll of enchant weapon {unknown}
 g - 2 scrolls of poison {unknown}
 l - a scroll of magic mapping {unknown}
 m - a scroll of amnesia {unknown}
 n - 2 scrolls of identify {unknown}
 r - a scroll of acquirement {unknown}
Potions
 a - 2 potions of attraction {unknown}
 b - a potion of magic
 d - 2 potions of curing {unknown}
 p - a potion of lignification {unknown}
 q - a potion of flight {unknown}
 s - a potion of cancellation {unknown}


   Skills:
 + Level 0.4 Fighting
 - Level 1.5 Dodging
 - Level 1.0 Stealth
 + Level 2.2 Spellcasting
 + Level 2.1 Conjurations
 * Level 2.9 Air Magic


You had 7 spell levels left.
You knew the following spells:

 Your Spells              Type           Power      Damage    Failure   Level
a - Shock                 Conj/Air       32%        1d5       9%          1

Your spell library contained the following spells:

 Spells                   Type           Power      Damage    Failure   Level
 Magic Dart               Conj           28%        1d4       11%         1
 Static Discharge         Conj/Air       8%         3-4/arc   13%         2
 Searing Ray              Conj           14%        2d5       16%         2
 Swiftness                Air            9%         N/A       22%         3
 Apportation              Tloc           2%         N/A       26%         1
 Airstrike                Air            4%         2d(1-17)  58%         4
 Fulminant Prism          Conj/Hex       2%         3d6       85%         4
 Alistair's Intoxication  Tmut/Pois      0%         N/A       100%        5


Dungeon Overview and Level Annotations

Branches:
Dungeon (3/15)

Altars:
Yredelemnul


Innate Abilities, Weirdness & Mutations

You are too large for most types of armour.
You have claws for hands.
Your natural rate of healing is unusually fast.
You are covered in fur. (AC +1)
You have tough skin. (AC +1)


Message History

The worm is moderately wounded.
The worm bites you.
You barely miss the worm.
The worm is lightly wounded.
Your phantom barely misses the worm.
Your phantom hits the worm.
Your phantom blinks!
The worm blinks!
Your phantom hits the worm.
Your phantom blinks!
The worm blinks!
You swap places.
You swap places.
You swap places.
The worm bites something.
Your phantom hits the worm.
Your phantom blinks!
The worm blinks!
You swap places.
Your endoplasm zombie completely misses the worm.
Your phantom hits the worm.
You swap places.
Your phantom hits the worm but does no damage.
You swap places.
The worm closely misses your phantom.
Your orc zombie barely misses the worm.
Your shadow strikes at the worm from the darkness!
The worm dies!
The dead are slithering!
You can now trade souls for undead servants.
You swap places.
You swap places.
You fail to use your ability.
You can no longer trade souls for undead servants.
You swap places.
You swap places.
You swap places.
Okay, then.
Unknown command.
You swap places.
You swap places.
You swap places.
You swap places.
Are you sure you want to abandon this character and quit the game? (Confirm with "yes".)

#................###
#.
#.........###.....# #
######..###..ZW##..#
####..##...#ZZZ##.#
##....#...###.#W# ##
##..........##Z#Z####
###
#............#.#ZWZZ#
#..
#..............###Z.#
#..
#...........@#.###..#
#..
##..................#
#.
#......#........#...#
#.
#......##.###...###.#
##. #.....###.#
#...###.#######.. ###
#....##...#
##...##..[....... Z.#
#.......#
#............#. #.#
#....####
###).........ZZ. #Z#
#....#
#............##.


You could see a friendly worm zombie.

Vanquished Creatures
  3 adders
  4 gnolls (D:2)
  6 orcs (D:3)
  2 endoplasms
  5 giant cockroaches
  4 goblins
  6 hobgoblins
  2 quokkas
  3 ball pythons
  6 bats
  A frilled lizard (D:3)
  2 kobolds
  2 rats
46 creatures vanquished.

Vanquished Creatures (collateral kills)
  Jessica (D:3)
  2 adders
  A worm (D:3)
  2 dart slugs (D:2)
  An orc (D:3)
  An endoplasm (D:1)
  A giant cockroach (D:1)
  2 goblins
  2 hobgoblins
  A ball python (D:3)
  2 bats
  3 rats
19 creatures vanquished.

Vanquished Creatures (others)
  3 bat zombies
  A quokka (D:3)
  A gnoll zombie (D:2)
  A goblin zombie (D:2)
  A hobgoblin zombie (D:3)
  A kobold zombie (D:2)
  A quokka zombie (D:3)
  A rat zombie (D:3)
  9 plants (D:2)
19 creatures vanquished.

Grand Total: 84 creatures vanquished

Notes
Turn   | Place    | Note
-------+----------+-------------------------------------------
     0 | D:1      | tizbic2 the Troll Air Elementalist began the quest for the
                  | Orb.
     0 | D:1      | Reached XP level 1. HP: 16/16 MP: 1/1
   171 | D:1      | Reached skill level 1 in Conjurations
   224 | D:1      | Found a faded altar of an unknown god.
   232 | D:1      | Prayed at the altar of an unknown god.
   232 | D:1      | Became a worshipper of Yredelemnul the Dark
   232 | D:1      | Reached * piety under Yredelemnul
   250 | D:1      | Reached XP level 2. HP: 24/24 MP: 3/3
   389 | D:1      | Reached ** piety under Yredelemnul
   723 | D:2      | Reached XP level 3. HP: 31/31 MP: 4/4
   796 | D:2      | Reached XP level 4. HP: 27/39 MP: 5/5
  1606 | D:3      | Reached XP level 5. HP: 44/45 MP: 7/7
  1727 | D:3      | Noticed Jessica
  1734 | D:3      | Killed Jessica
  1811 | D:3      | Quit the game

Illustrated notes

Levels and vault maps discovered:
D:1:      scummos_arrival_gate, layout_rooms, basic_ecumenical_altar,
          kennysheep_small_spiral
D:2:      layout_loops_ring, serial_forest, infiniplex_forest_clump_C,
          infiniplex_forest_join, infiniplex_forest_clump_diagonal,
          infiniplex_forest_lined_room_, infiniplex_forest_clump_medium,
          infiniplex_forest_clump_tiny, infiniplex_forest_lined_2,
          infiniplex_forest_side_room, infiniplex_forest_straight_2,
          infiniplex_forest_lined_4_way
D:3:      minmay_diamond_boxcup, layout_rooms, lemuel_zombie_altar_yredelemnul,
          uniq_jessica

Skill      XL: |  1  2  3  4 |
---------------+-------------+-----
Conjurations   | 1 2 |  2.1
Spellcasting   | 2 |  2.2
Fighting       | |  0.4
Dodging        | |  1.5
Stealth        | |  1.0
Air Magic      | |  2.9

Action                   |  1- 3 |  4- 6 || total
-------------------------+-------+-------++-------
Melee: Unarmed           |    52 |       ||    52
       Punch             |     1 |       ||     1
       Short sword       |    28 |    94 ||   122
 Cast: Shock             |     2 |     4 ||     6
Invok: Recall Undead Har |       |     3 ||     3
       Dark Bargain      |       |     3 ||     3
  Use: Scroll            |       |     2 ||     2
 Stab: Distracted        |     1 |     2 ||     3
Armor: Robe              |    31 |    74 ||   105
Dodge: Dodged            |    53 |    66 ||   119
